 Dungeon Crawl Stone Soup version 0.17.0-28-g6e173f8 (webtiles) character file.

59 lucasterio the Digger (level 4, -3/24 HPs)
             Began as a Gargoyle Earth Elementalist on Nov 26, 2015.
             Slain by a gnoll
             ... wielding a +0 whip
              (9 damage)
             ... on level 1 of the Dungeon.
             The game lasted 00:11:25 (2371 turns).

lucasterio the Digger (Gargoyle Earth Elementalist) Turns: 2371, Time: 00:11:26

Health: -3/24      AC:  5    Str: 12    XL:     4   Next: 3%
Magic:  7/8        EV: 12    Int: 16    God:
Gold:   86         SH:  0    Dex: 10    Spells: 1 memorised, 7 levels left

rFire  . . .     SeeInvis .     l - +0 dagger (venom)
rCold  . . .     Clarity  .     a - +0 robe
rNeg   + . .     SustAt   .     (no shield)
rPois  ∞         Gourm    .     (no helmet)
rElec  +         Spirit   .     (no cloak)
rCorr  .         Warding  .     (no gloves)
rMut   .         Stasis   .     (no boots)
MR     .....                    (no amulet)
Stlth  ++........               (no ring)
                                (no ring)

@: not resistant to hostile enchantments, unstealthy
A: negative energy resistance 1, electricity resistance, unbreathing,
petrification resistance, rot immunity, AC +3
a: no special abilities


You were on level 1 of the Dungeon.
You were not hungry.

You visited 1 branch of the dungeon, and saw 2 of its levels.

You collected 86 gold pieces.

Inventory:

Hand Weapons
 l - a +0 dagger of venom (weapon)
Missiles
 b - 5 stones (quivered)
Armour
 a - a +0 robe (worn)
Jewellery
 h - an uncursed ring of flight {unknown}
 j - a +2 ring of protection {unknown}
 o - an uncursed ring of protection from fire {unknown}
Wands
 k - a wand of flame (22)
Scrolls
 g - 3 scrolls of identify {unknown}
 n - a scroll of immolation {unknown}
Potions
 e - a potion of curing {unknown}
 i - a potion of heal wounds {unknown}
Books
 c - a book of Geomancy

   Spells                             Type                      Level
   a - Sandblast                      Earth                        1
   b - Stoneskin                      Transmutation/Earth          2
   c - Passwall                       Transmutation/Earth          3
   d - Stone Arrow                    Conjuration/Earth            3
   e - Petrify                        Transmutation/Earth          4
   f - Lee's Rapid Deconstruction     Earth                        5
Comestibles
 d - a bread ration
 f - 2 chunks of flesh
 m - a royal jelly


   Skills:
 - Level 1.9 Dodging
 - Level 2.1 Stealth
 * Level 2.9 Spellcasting
   Level 0.7 Transmutations
 * Level 4.6 Earth Magic


You had 7 spell levels left.
You knew the following spells:

 Your Spells              Type           Power        Failure   Level  Hunger
a - Sandblast             Erth           ###...       3%          1    #......


Dungeon Overview and Level Annotations

Branches:
Dungeon (2/15)

Altars:
Ashenzari


Innate Abilities, Weirdness & Mutations

You are resistant to torment.
Your stone body is resilient (AC +3).
You are immune to poison.
You resist negative energy.
You are resistant to electric shocks.
You can survive without breathing.
You are immune to petrification.
You are immune to rotting.


Message History

You see here a club.
The gnoll looks more healthy.
There is a stone staircase leading up here.
Casting: Sandblast
Confirm with . or Enter, or press ? or * to list all spells.
Okay, then.
The gnoll closely misses you.
The gnoll hits you from afar with a spear of piercing.
* * * LOW HITPOINT WARNING * * *
You climb upwards.
There is a stone staircase leading down here.
Casting: Sandblast
Confirm with . or Enter, or press ? or * to list all spells.
Aiming: Sandblast
Press: ? - help, Shift-Dir - straight line, f - gnoll
Aim: a gnoll, wielding a whip (almost dead)
The blast of sand hits the gnoll.
The gnoll is almost dead.
The gnoll hits you with a whip!
You die...

#### ########..###)#
...# #.....)...# #.#
.#.#########.#######.#
#.########
................# #.#
#.........
#..#########.##.#
#.############
#..#########.##.# #..#
#.......>....##.# ##.#
#.#############.#####.#
#.# #....@g.##.# ..#
#.......##.# ###
#.......##.###
#.....)......#
#.......##.#.#
#.......##.#.#
#.......##.#.#
#.........)..#########
#.########............


You could see a gnoll.

Vanquished Creatures
  An ooze (D:2)
  3 worms (D:2)
  A giant gecko (D:2)
  2 giant cockroaches
  8 goblins
  5 hobgoblins
  7 kobolds
  A quokka (D:1)
  6 bats
  13 rats
47 creatures vanquished.

Notes
Turn   | Place    | Note
--------------------------------------------------------------
     0 | D:1      | lucasterio the Gargoyle Earth Elementalist began the quest for the Orb.
     0 | D:1      | Reached XP level 1. HP: 10/10 MP: 3/3
   368 | D:1      | Reached XP level 2. HP: 15/15 MP: 3/5
   724 | D:1      | Reached skill level 4 in Earth Magic
   909 | D:1      | Reached XP level 3. HP: 19/19 MP: 2/6
  2107 | D:2      | Found a shattered altar of Ashenzari.
  2145 | D:2      | Reached XP level 4. HP: 24/24 MP: 8/8
  2371 | D:1      | Slain by a gnoll

Action                   |  1- 3 |  4- 6 || total
-------------------------+-------+-------++-------
Melee: Unarmed           |    30 |       ||    30
       Whip              |    47 |       ||    47
       Dagger            |    11 |     7 ||    18
 Cast: Sandblast         |    47 |     1 ||    48
 Stab: Sleeping          |     1 |       ||     1
  Eat: Chunk             |     4 |     1 ||     5
